 Dungeon Crawl Stone Soup version 0.18-a0-1626-g65af6d3 (webtiles) character file.

359 namelastname112 the Cutter (level 6, -3/53 HPs)
             Began as a Draconian Berserker on Mar 24, 2016.
             Was a Believer of Trog.
             Slain by a gnoll
             ... wielding a +0 spear
              (8 damage)
             ... on level 3 of the Dungeon.
             The game lasted 00:02:12 (1988 turns).

namelastname112 the Cutter (Draconian Berserker)    Turns: 1988, Time: 00:02:12

Health: -3/53      AC:  6    Str: 19    XL:     6   Next: 37%
Magic:  6/6        EV:  8    Int:  7    God:    Trog [**....]
Gold:   73         SH:  0    Dex: 13    Spells: 0 memorised, 5 levels left

rFire  . . .     SeeInvis .     a - +0 short sword
rCold  . . .     Gourm    .     (armour unavailable)
rNeg   . . .     Faith    .     (no shield)
rPois  .         Spirit   .     (helmet restricted)
rElec  .         Dismiss  .     (no cloak)
rCorr  .         Reflect  .     (no gloves)
SustAt .         Harm     .     (no boots)
MR     .....                    (no amulet)
Stlth  ++........               (no ring)
                                (no ring)

@: lethally poisoned (-3 -> -27), exhausted, slowed, very slow, not resistant to
hostile enchantments, unstealthy
A: unfitting armour, cold-blooded, AC +6
a: Berserk, Trog's Hand, Burn Spellbooks, Renounce Religion


You were on level 3 of the Dungeon.
You worshipped Trog.
Trog was pleased with you.
You were not hungry.

You visited 1 branch of the dungeon, and saw 3 of its levels.

You collected 73 gold pieces.

Inventory:

Hand Weapons
 a - a +0 short sword (weapon)
Scrolls
 d - 3 scrolls of identify {unknown}
 f - a scroll of magic mapping {unknown}
 g - 2 scrolls of remove curse {unknown}
 i - a scroll of blinking {unknown}
Comestibles
 b - 3 bread rations
 c - a meat ration


   Skills:
 + Level 4.4 Fighting
 * Level 4.7 Short Blades
 + Level 3.6 Dodging
 * Level 3.6 Stealth


You had 5 spell levels left.
You didn't know any spells.

Dungeon Overview and Level Annotations

Branches:
Dungeon (3/15)

Altars:
The Shining One


Innate Abilities, Weirdness & Mutations

Your plain brown scales are hard (AC +6).
Your body does not fit into most forms of armour.
You are cold-blooded and may be slowed by cold attacks.


Message History

A gnoll comes into view. It is wielding a spear.
You try to slip out of the net.
You feel sick. The gnoll barely misses you.
You try to slip out of the net.
You feel sick. The gnoll closely misses you.
You slip out of the net!
You feel sick.
The gnoll hits you from afar with a halberd of venom!
The gnoll barely misses you.
You feel sick.
The gnoll shouts!
The gnoll hits you with a flail!
You feel sick.
The gnoll hits you from afar with a halberd of venom!
* * * LOW HITPOINT WARNING * * *
You are lethally poisoned!
There is a stone staircase leading up, spattered with blood here.
* * * LOW HITPOINT WARNING * * *
You feel very sick. The gnoll hits you with a flail.
* * * LOW HITPOINT WARNING * * *
The gnoll hits you from afar with a spear!
You die...

##.. #... ##..# ..
...##### ...
##......# #.#
##.......#
#..##........##
#..#..@......##
#.....gg.....#
##.(.).g.....#
##.....)...<# #
###.)......## ..#
..............##...#
.####..............#
#...............
#..........#....


You could see 3 gnolls.

Vanquished Creatures
  Grinder (D:3)
  Terence (D:2)
  Ijyb (D:2)
  7 adders
  A gnoll (D:2)
  An ooze (D:1)
  A worm (D:2)
  An orc (D:3)
  A giant cockroach (D:2)
  3 hobgoblins
  4 kobolds
  4 bats
  A giant newt (D:2)
  5 goblins
  4 rats
36 creatures vanquished.

Notes
Turn   | Place    | Note
--------------------------------------------------------------
     0 | D:1      | namelastname112 the Draconian Berserker began the quest for the Orb.
     0 | D:1      | Reached XP level 1. HP: 19/19 MP: 1/1
   240 | D:1      | Found a glowing golden altar of the Shining One.
   322 | D:1      | Reached skill level 1 in Stealth
   348 | D:1      | Reached XP level 2. HP: 21/26 MP: 2/2
   870 | D:2      | Noticed Terence
   877 | D:2      | Killed Terence
   877 | D:2      | Reached XP level 3. HP: 31/31 MP: 3/3
  1094 | D:2      | Reached XP level 4. HP: 27/40 MP: 4/4
  1269 | D:2      | Noticed Ijyb
  1278 | D:2      | Killed Ijyb
  1414 | D:2      | Reached ** piety under Trog
  1678 | D:3      | Noticed Grinder
  1692 | D:3      | Killed Grinder
  1692 | D:3      | Reached XP level 5. HP: 26/47 MP: 5/5
  1692 | D:3      | Reached XP level 6. HP: 29/53 MP: 6/6
  1988 | D:3      | Slain by a gnoll

Vault maps used:
D:1:      ncdulo_watergridlock, tso_metal_star
D:2:      uniq_terence, uniq_iyjb
D:3:      grunt_temple_overflow_lords_of_destruction, first_bread, uniq_grinder

Skill      XL: |  1  2  3  4 |
---------------+-------------+-----
Stealth        | 1 3 |  3.6
Dodging        | 3 |  3.6
Fighting       | 4 |  4.4
Short Blades   | 4 |  4.7

Action                   |  1- 3 |  4- 6 || total
-------------------------+-------+-------++-------
Melee: Short sword       |    89 |    75 ||   164
Invok: Berserk           |     1 |     3 ||     4
  Use: Potion            |       |     2 ||     2
 Stab: Sleeping          |     1 |     2 ||     3
  Eat: Chunk             |     2 |     1 ||     3
       Meat ration       |       |     1 ||     1
